 Dungeon Crawl Stone Soup version 0.23-a0-32-g1388f29 (webtiles) character file.

605704 jjfam the Acrobat (level 26, -2/290 HPs)
             Began as a Deep Dwarf Fighter on Aug 3, 2018.
             Was the Champion of Makhleb.
             Splashed by an acid blob's acid (5 damage)
             ... created by the Royal Jelly
             ... on level 5 of the Pits of Slime on Aug 4, 2018.
             The game lasted 03:20:55 (44636 turns).

jjfam the Acrobat (Deep Dwarf Fighter)             Turns: 44636, Time: 03:20:56

Health: -2/290     AC: -8    Str: 40    XL:     26   Next: 9%
Magic:  7/9        EV: 29    Int: 19    God:    Makhleb [******]
Gold:   6295       SH: 31    Dex: 22    Spells: 25/25 levels left

rFire    + + +     SeeInvis +   n - +4 broad axe of Ciosuodo {elec, rC+ MR+}
rCold    + + +     Gourm    .   v - +0 large shield
rNeg     + + +     Faith    .   I - +4 plate armour {rC+}
rPois    +         Spirit   .   x - +0 hat of the Inquisitive Moons {-Tele rPois Str+2 Dex+2}
rElec    .         Reflect  +   B - scarf {rC+ rF+}
rCorr    .         Harm     .   s - +2 pair of gloves {Str+3}
MR       +++++     NoTele   +   R - +2 pair of boots of the Swan {rN++ Str+3 Dex+4}
Stlth    ..........             K - +3 amulet of reflection
HPRegen  0.00/turn              H - ring of the Final Chapter {*Drain MR+ Int+8 Dex+4 Slay+2}
MPRegen  0.11/turn              V - ring "Vippuqics" {rF++ rN+ MR+ Slay+2 SInv}

@: corroded, non-regenerating
A: damage resistance, heal wounds, hooves 1, blurry vision 1, deformed body,
negative energy resistance 1, sense surroundings 3, robust 1, strong 1,
evolution 1, no regeneration
}: 4/15 runes: decaying, silver, abyssal, gossamer
a: Heal Wounds, Minor Destruction, Lesser Servant of Makhleb, Major Destruction,
Greater Servant of Makhleb, Renounce Religion


You were on level 5 of the Pits of Slime.
You worshipped Makhleb.
Makhleb was exalted by your worship.
You were not hungry.

You visited 9 branches of the dungeon, and saw 47 of its levels.
You visited the Abyss 1 time.
You also visited: Ice Cave and Volcano.

You collected 7156 gold pieces.
You spent 861 gold pieces at shops.

Inventory:

Hand Weapons
 n - the +4 broad axe of Ciosuodo (weapon) {elec, rC+ MR+}
   (You found it on level 7 of the Dungeon)

   Occasionally, upon striking a foe, it will discharge some electrical energy
   and cause terrible harm.
   It protects you from cold.
   It affects your resistance to hostile enchantments.
Armour
 s - a +2 pair of gloves of strength (worn)
 v - a +0 large shield (worn)
 x - the +0 hat of the Inquisitive Moons (worn) {-Tele rPois Str+2 Dex+2}
   (You acquired it on level 15 of the Dungeon)

   It affects your strength (+2).
   It affects your dexterity (+2).
   It protects you from poison.
   It prevents most forms of teleportation.
 B - a scarf of resistance (worn)
 I - a +4 plate armour of cold resistance (worn)
 R - the +2 pair of boots of the Swan (worn) {rN++ Str+3 Dex+4}
   (You found it on level 2 of the Vaults)

   It affects your strength (+3).
   It affects your dexterity (+4).
   It greatly protects you from negative energy.
 X - a scarf of repulsion
Jewellery
 H - the ring of the Final Chapter (left hand) {*Drain MR+ Int+8 Dex+4 Slay+2}
   (You found it in an ice cave)

   [ring of slaying]

   It affects your intelligence (+8).
   It affects your dexterity (+4).
   It affects your accuracy and damage with ranged weapons and melee attacks
   (+2).
   It affects your resistance to hostile enchantments.
   It causes draining when unequipped.
 K - a +3 amulet of reflection (around neck)
 V - the ring "Vippuqics" (right hand) {rF++ rN+ MR+ Slay+2 SInv}
   (You bought it in a shop on level 2 of the Orcish Mines)

   [ring of protection from magic]

   It affects your accuracy and damage with ranged weapons and melee attacks
   (+2).
   It greatly protects you from fire.
   It protects you from negative energy.
   It affects your resistance to hostile enchantments.
   It lets you see invisible.
Wands
 l - a wand of flame (146)
 m - a wand of iceblast (49)
 p - a wand of digging (37)
 C - a wand of paralysis (75)
 F - a wand of scattershot (6)
 L - a wand of enslavement (12)
 P - a wand of disintegration (32)
Scrolls
 a - 8 scrolls of enchant weapon
 c - a scroll of brand weapon
 g - 25 scrolls of teleportation
 h - 8 scrolls of blinking
 i - 4 scrolls of identify
 o - 12 scrolls of fear
 q - 16 scrolls of remove curse
 r - 3 scrolls of enchant armour
 u - 14 scrolls of amnesia
 y - 7 scrolls of fog
 M - 4 scrolls of silence
 Q - 7 scrolls of immolation
 T - 4 scrolls of torment
 W - 4 scrolls of summoning
 Y - 5 scrolls of magic mapping
 Z - 2 scrolls of holy word
Potions
 b - 4 potions of cancellation
 d - 9 potions of might
 e - 22 potions of curing
 j - 10 potions of flight
 t - 4 potions of resistance
 z - 4 potions of magic
 A - 13 potions of agility
 D - 5 potions of ambrosia
 E - 9 potions of heal wounds
 G - 5 potions of haste
 N - 10 potions of brilliance
 O - 2 potions of berserk rage
 S - 5 potions of lignification
Miscellaneous
 k - a phial of floods
Comestibles
 f - 59 rations


   Skills:
 * Level 20.7 Fighting
 - Level 18.0 Axes
 - Level 2.7 Throwing
 + Level 22.6 Armour
 + Level 24.2 Dodging
 + Level 21.6 Shields
 - Level 1.7 Invocations
 - Level 0.3 Evocations


You had 25 spell levels left.
You didn't know any spells.
Your spell library contained the following spells:

 Spells                   Type           Power        Failure   Level  Hunger
 Cause Fear               Hex            #.........   100%        4    #####..
 Fireball                 Conj/Fire      #.........   100%        5    ######.
 Apportation              Tloc           #.....       63%         1    ##.....
 Conjure Flame            Conj/Fire      #.......     94%         3    ####...
 Bolt of Fire             Conj/Fire      #.........   100%        6    #######
 Lightning Bolt           Conj/Air       #.........   100%        5    ######.
 Slow                     Hex            #.......     77%         2    ###....
 Confuse                  Hex            #.......     94%         3    ####...
 Invisibility             Hex            #.......     100%        6    #######
 Throw Flame              Conj/Fire      #.....       77%         2    ###....
 Throw Frost              Conj/Ice       #.....       77%         2    ###....
 Controlled Blink         Tloc           N/A          100%        8    #######
 Ring of Flames           Chrm/Fire      #.........   100%        7    #######
 Teleport Other           Tloc           #.......     94%         3    ####...
 Summon Small Mammal      Summ           #...         63%         1    ##.....
 Bolt of Draining         Conj/Necr      #.........   100%        5    ######.
 Blink                    Tloc           N/A          77%         2    ###....
 Animate Dead             Necr           N/A          100%        4    #####..
 Animate Skeleton         Necr           N/A          63%         1    ##.....
 Freeze                   Ice            #...         63%         1    ##.....
 Sticky Flame             Conj/Fire      #.......     100%        4    #####..
 Summon Ice Beast         Ice/Summ       #.......     100%        4    #####..
 Ozocubu's Armour         Chrm/Ice       #.......     94%         3    ####...
 Regeneration             Chrm/Necr      #.........   94%         3    ####...
 Tukima's Dance           Hex            #.......     94%         3    ####...
 Corpse Rot               Necr           N/A          77%         2    ###....
 Stone Arrow              Conj/Erth      #.....       94%         3    ####...
 Shock                    Conj/Air       #...         63%         1    ##.....
 Swiftness                Chrm/Air       #.......     77%         2    ###....
 Recall                   Summ/Tloc      N/A          94%         3    ####...
 Spider Form              Tmut/Pois      #.........   94%         3    ####...
 Statue Form              Tmut/Erth      #........    100%        6    #######
 Dragon Form              Tmut           #.........   100%        7    #######
 Death Channel            Necr           #.........   100%        6    #######
 Deflect Missiles         Chrm/Air       #.........   100%        6    #######
 Throw Icicle             Conj/Ice       #.......     100%        4    #####..
 Airstrike                Air            #.........   100%        4    #####..
 Confusing Touch          Hex            #.....       63%         1    ##.....
 Flame Tongue             Conj/Fire      #....        63%         1    ##.....
 Passwall                 Tmut/Erth      #.......     77%         2    ###....
 Ignite Poison            Fire/Tmut/Pois #.......     94%         3    ####...
 Sticks to Snakes         Tmut           #.......     77%         2    ###....
 Ensorcelled Hibernation  Hex/Ice        #.....       77%         2    ###....
 Summon Butterflies       Summ           #.......     63%         1    ##.....
 Silence                  Hex/Air        #.........   100%        5    ######.
 Dispersal                Tloc           #.........   100%        6    #######
 Static Discharge         Conj/Air       #.......     94%         3    ####...
 Corona                   Hex            #......      63%         1    ##.....
 Alistair's Intoxication  Tmut/Pois      #.......     100%        5    ######.
 Lee's Rapid Deconstruct  Erth           #.........   100%        5    ######.
 Sandblast                Erth           #.....       63%         1    ##.....
 Simulacrum               Ice/Necr       #.........   100%        6    #######
 Portal Projectile        Hex/Tloc       #.....       94%         3    ####...
 Petrify                  Tmut/Erth      #.......     100%        4    #####..
 Passage of Golubria      Tloc           N/A          100%        4    #####..
 Tornado                  Air            #.........   100%        9    #######
 Leda's Liquefaction      Hex/Erth       #.........   100%        4    #####..
 Darkness                 Hex            #.........   100%        6    #######
 Shroud of Golubria       Chrm/Tloc      #.........   77%         2    ###....
 Inner Flame              Hex/Fire       #.......     94%         3    ####...
 Disjunction              Tloc           #.........   100%        8    #######
 Dazzling Spray           Conj/Hex       #.....       94%         3    ####...
 Force Lance              Conj/Tloc      #.......     100%        4    #####..
 Spectral Weapon          Hex/Chrm       #.......     94%         3    ####...
 Discord                  Hex            #.........   100%        8    #######
 Hydra Form               Tmut           #.........   100%        6    #######
 Irradiate                Conj/Tmut      #.........   100%        5    ######.
 Gell's Gravitas          Tloc           #.........   94%         3    ####...
 Yara's Violent Unravell  Hex/Tmut       #.........   100%        5    ######.
 Lesser Beckoning         Tloc           #.........   94%         3    ####...
 Ignition                 Fire           #.........   100%        8    #######
 Borgnjor's Vile Clutch   Necr/Erth      #.........   100%        5    ######.


Dungeon Overview and Level Annotations

Branches:
Dungeon (15/15)            Temple (1/1) D:6            Lair (6/6) D:8
  Swamp (4/4) Lair:3       Spider (4/4) Lair:3        Slime (5/5) Lair:5
    Orc (2/2) D:10            Elf (0/3) Orc:2        Vaults (5/5) D:13
  Crypt (0/3) Vaults:3     Depths (5/5) D:15            Zot (0/5) Depths:5

Altars:
Ashenzari
Cheibriados
Dithmenos
Elyvilon
Fedhas
Gozag
Hepliaklqana
Kikubaaqudgha
Makhleb
Nemelex Xobeh
Okawaru
Qazlal
Ru
Sif Muna
Trog
Uskayaw
Vehumet
Wu Jian
Xom
Yredelemnul
Zin
The Shining One
Beogh

Shops:
D:14 *   Orc:2 !}=?(   Vaults:2 %   Vaults:3 :   Depths:3 }==   Depths:5 %=

Portals:
Hell: Depths:1 Depths:2 Depths:3 Depths:4 Depths:5
Abyss: Depths:4
Pandemonium: Depths:3
Ziggurat: Depths:5

Annotations:
Lair:3 exclusion: 3 oklob plants
Lair:5 1 exclusion
Slime:5 Royal Jelly


Innate Abilities, Weirdness & Mutations

You are resistant to damage.
You can heal yourself by infusing magical energy.
You resist negative energy. (rN+)
You passively map a large area around you.
You do not regenerate.
You have large cloven feet.
Scrolls take you a little longer to read.
Armour fits poorly on your strangely shaped body.
You are robust. (+10% HP)
Your muscles are strong. (Str +2)
You evolve.


Message History

The acid blob spits acid at you. The splash of acid hits you!
* * * LOW HITPOINT WARNING * * *
You are splashed with acid!
The acid burns!
* * * LOW HITPOINT WARNING * * *
The golden eye blinks at you. You resist with almost no effort.
The slime creature quivers.
A death ooze comes into view.
A demon appears!
You block the death ooze's attack. x2
The acid blob spits acid at you. The splash of acid hits you!
* * * LOW HITPOINT WARNING * * *
The acid corrodes you!
You are splashed with acid!
The acid burns!
* * * LOW HITPOINT WARNING * * *
The acid blob spits acid at you. The splash of acid hits you!
* * * LOW HITPOINT WARNING * * *
You are splashed with acid!
The acid burns!
You die...

**,,** , , , ,* * ,,,
#J......., , ,, , * , ,
*#........ , , * * *
#....G... , * * ,*
###J....... , , , , ,
J#GGJ..... , ,, , , , *
*JGJJJ...... ,,, , * ,
#JJJG..... , **, ,
*#@JJ...... , , ,,, **
*#JJJ.............. , ,
**, ,
##J.1.G............ * **
,##.................. *
*, ##...................
* *
##.................... *
##.....................
,
........................
, ,,
................<.......


You could see the Royal Jelly, 4 acid blobs, an azure jelly, a great orb of
eyes, 4 slime creatures, an eye of devastation, a glowing orange brain, 6 death
oozes, 3 golden eyes and a friendly Executioner.

Vanquished Creatures
  An ancient lich (Vaults:5)
  A juggernaut (Depths:5)
  Sojobo (Vaults:2)
  Boris (twice) (Vaults:3 Vaults:5)
  the Lernaean hydra (Swamp:4)
  Xtahua (Vaults:3)
  Nikola (Vaults:3)
  A golden dragon (Depths:3)
  A profane servitor (Abyss:4)
  the Enchantress (Depths:2)
  7 bone dragons
  Arachne (Spider:2)
  6 liches
  A Hell Sentinel (Abyss:2)
  3 tentacled monstrosities
  Rupert (D:15)
  11 titans
  The ghost of Qosemoup the Earth Mage, an adept GrEE of Vehumet (Spider:2)
  4 quicksilver dragons
  15 acid blobs
  3 thorn hunters
  5 sphinxes
  2 Executioners (Abyss:2)
  10 tentacled starspawn
  2 draconian monks (Depths:5)
  Agnes (D:15)
  5 storm dragons
  2 shadow dragons (Vaults:5)
  5 azure jellies
  11 tengu reavers
  2 revenants
  15 fire giants
  Louise (Swamp:1)
  15 vault wardens
  19 frost giants
  5 ghost moths
  A deep elf sorcerer (Vaults:3)
  A balrug (Abyss:4)
  3 iron dragons
  5 emperor scorpions (Spider:4)
  2 cacodemons
  A deep elf elementalist (Vaults:5)
  7 spriggan defenders
  19 ironheart preservers
  4 entropy weavers
  2 war gargoyles (Vaults:5)
  A reaper (Abyss:4)
  18 stone giants
  Nessos (D:12)
  31 very ugly things
  2 vampire knights
  4 red draconians
  A white draconian (Abyss:4)
  2 deep elf demonologists (Vaults:3)
  4 deep elf annihilators
  5 purple draconians
  A green death (Abyss:4)
  2 eidola
  9 ettins
  4 spark wasps
  2 deep elf death magi
  10 fire dragons
  A death ooze (Slime:5)
  Josephine (Swamp:1)
  7 crystal guardians
  2 deep elf high priests
  14 yaktaur captains
  Harold (Orc:1)
  8 rakshasas
  4 spriggan air magi
  14 great orbs of eyes
  32 vault guards
  A monstrous demonspawn (Depths:3)
  3 ghost crabs
  8 ice dragons
  13 centaur warriors
  18 hydras
  48 two-headed ogres
  The ghost of vierth the Severer, a novice HOFi of Trog (D:9)
  A dancing weapon (Vaults:5)
  A death knight (Vaults:5)
  21 ogre magi
  20 alligators
  5 deep troll shamans
  7 hell hogs
  8 deep troll earth magi
  8 tengu warriors
  Urug (Lair:6)
  5 death yaks
  2 spriggan berserkers
  A deep elf knight (Vaults:1)
  13 thrashing horrors
  An iron troll (Depths:5)
  128 slime creatures
  4 spatial maelstroms
  A storm dragon skeleton (Abyss:4)
  3 sixfirhies
  13 wretched stars
  A golden dragon zombie (Depths:1)
  A skeletal warrior (Vaults:3)
  12 swamp dragons
  A deep troll (shapeshifter) (Depths:4)
  An orange crystal statue (Depths:1)
  2 spriggan druids
  7 flayed ghosts
  7 unseen horrors
  25 deep trolls
  3 wizards
  6 glowing orange brains
  10 orc knights
  5 deep elf archers
  45 starcursed masses
  5 shambling mangroves
  14 ironbrand convokers
  A lindwurm (Lair:6)
  A tengu zombie (Vaults:5)
  3 necromancers
  4 phantasmal warriors
  3 harpies (Vaults:1)
  A mana viper (Abyss:2)
  66 ugly things
  13 deep elf magi
  An orb spider (shapeshifter) (Depths:4)
  19 orb spiders
  16 orc sorcerers
  A tengu skeleton (Vaults:5)
  5 shining eyes
  A wolf spider (shapeshifter) (Vaults:3)
  26 wolf spiders
  A shining eye (shapeshifter) (Vaults:5)
  3 salamanders (Depths:1)
  4 oklob plants
  7 elephants
  5 manticores
  5 moths of wrath
  A moth of wrath (shapeshifter) (Abyss:4)
  3 apocalypse crabs (Abyss:2)
  An elephant (shapeshifter) (Depths:3)
  3 cyclopes
  3 worldbinders
  An ice statue (IceCv)
  The ghost of Loudmushroom the Chopper, a novice MiBe of Trog (D:4)
  Psyche (D:11)
  3 molten gargoyles (Lair:6)
  2 rust devils
  18 vault sentinels
  9 black mambas
  6 smoke demons
  2 eyes of devastation
  4 gargoyles
  A black mamba (shapeshifter) (Vaults:4)
  17 spiny frogs
  A torpor snail (shapeshifter) (Vaults:5)
  4 rime drakes
  2 centaur skeletons (D:15)
  An orange demon (Abyss:2)
  A spiny frog (shapeshifter) (Abyss:2)
  3 torpor snails
  An efreet (Abyss:4)
  4 rime drakes (shapeshifter)
  13 demonic crawlers
  8 komodo dragons
  7 freezing wraiths
  4 kobold demonologists
  An elf skeleton (Vaults:5)
  A yaktaur zombie (Vaults:5)
  61 yaktaurs
  A hellwing (Depths:3)
  An anaconda simulacrum (Lair:4)
  A polar bear (shapeshifter) (Vaults:4)
  3 ancient zymes
  A tengu conjurer (Depths:2)
  12 trolls
  2 queen bees
  A harpy zombie (D:12)
  27 jumping spiders
  8 meliai
  A troll (shapeshifter) (D:15)
  A wind drake (shapeshifter) (Vaults:3)
  12 blink frogs
  17 polar bears
  A tengu simulacrum (Vaults:3)
  A wolf spider simulacrum (Lair:4)
  24 hornets
  10 tyrant leeches
  An ice dragon zombie (Depths:1)
  14 hippogriffs
  27 raiju
  A hippogriff (shapeshifter) (Depths:3)
  A slime creature (shapeshifter) (Vaults:2)
  11 dream sheep
  18 bog bodies
  26 large abominations
  A fire giant simulacrum (Depths:1)
  A meliai zombie (D:14)
  6 flying skulls (Abyss:2)
  77 redbacks
  A vampire (D:12)
  6 spriggans
  A shadow (Abyss:2)
  20 tarantellas
  4 tarantellas (shapeshifter)
  4 water elementals
  4 wraiths
  4 ynoxinuls
  5 wyverns
  A dire elephant simulacrum (Lair:4)
  54 yaks
  A golden eye (shapeshifter) (Depths:3)
  16 golden eyes
  A yak (shapeshifter) (D:15)
  6 basilisks
  A steam dragon (Lair:6)
  7 chaos spawn
  7 spatial vortices
  30 vampire mosquitoes
  4 neqoxecs
  3 hungry ghosts
  21 insubstantial wisps
  A deep troll zombie (Vaults:3)
  4 acid dragons
  A soldier ant (D:13)
  13 swamp worms
  5 hell hounds
  5 wargs
  16 water moccasins
  7 porcupines
  A hornet zombie (D:10)
  22 orc warriors
  8 swamp drakes
  3 ice beasts
  A sky beast (D:12)
  A deep troll simulacrum (Depths:1)
  4 phantoms
  A necrophage (D:10)
  55 ogres
  3 black bears
  18 wolves (IceCv)
  6 eyes of draining
  An eye of draining (shapeshifter) (Depths:2)
  3 boggarts (Depths:2)
  22 centaurs
  2 human skeletons
  17 crocodiles
  4 big kobolds
  31 bullfrogs
  A wyvern zombie (D:11)
  3 scorpions
  3 wyvern skeletons
  An oklob sapling (Swamp:3)
  27 killer bees
  21 wights
  An electric eel (Spider:3)
  A howler monkey (D:8)
  6 centaur zombies
  A human simulacrum (Vaults:3)
  3 lava snakes (Lair:6)
  A bullfrog zombie (D:7)
  9 crimson imps
  A quasit (Abyss:4)
  7 hounds
  4 bullfrog skeletons
  A jelly (D:5)
  29 orc wizards
  23 orc priests
  A water moccasin simulacrum (Lair:4)
  A gnoll shaman (D:10)
  3 iron imps
  Jessica (D:2)
  7 iguanas
  Ijyb (D:3)
  15 worker ants
  A killer bee zombie (D:6)
  21 small abominations
  3 hound skeletons
  A hound zombie (D:6)
  A howler monkey zombie (D:7)
  2 worker ant zombies
  Robin (D:2)
  A crocodile simulacrum (Lair:4)
  10 gnolls
  2 howler monkey skeletons
  10 adders
  A shadow imp (D:12)
  15 white imps
  2 ufetubi
  2 oozes (D:1)
  An adder skeleton (D:7)
  3 worms
  6 leopard geckos
  93 orcs
  A ball python (D:1)
  5 giant cockroaches
  7 hobgoblins
  11 jackals
  A quokka (D:5)
  10 bats
  A frilled lizard (D:2)
  18 goblins
  26 kobolds
  A leopard gecko zombie (D:5)
  A quokka skeleton (D:7)
  7 rats
  19 briar patches
  2 bushes
  6 fungi
  6 plants
  10 starspawn tentacles
2488 creatures vanquished.

Vanquished Creatures (collateral kills)
  Saint Roka (Orc:2)
  3 hydras (Swamp:4)
  A hornet (Vaults:3)
  An orc warrior (Orc:2)
6 creatures vanquished.

Vanquished Creatures (others)
  The ghost of Jogeseca the Wrestler, an adept VSMo of Wu Jian (Depths:3)
  An ironheart preserver (Vaults:3)
  2 stone giants
  A yaktaur captain (Depths:5)
  A phantasmal warrior (Depths:3)
  A deep elf mage (Vaults:3)
  A salamander (Depths:5)
  4 yaktaurs
  A slime creature (Swamp:3)
  A water elemental (Depths:4)
  A black bear (D:7)
  2 swamp drakes (Swamp:4)
  An orc warrior (D:7)
  A small abomination (Abyss:2)
  A boggart (Depths:2)
  2 centaurs
  A howler monkey (D:7)
  A hound (D:7)
  2 orc wizards (Orc:2)
  A gnoll shaman (D:7)
  A worker ant (D:7)
  5 gnolls (D:7)
  A shadow imp (D:7)
  An orc (D:7)
  A briar patch (Swamp:2)
  18 fungi
  9 plants
  20 starspawn tentacles
83 creatures vanquished.

Grand Total: 2577 creatures vanquished

Notes
Turn   | Place    | Note
-------+----------+-------------------------------------------
     0 | D:1      | jjfam the Deep Dwarf Fighter began the quest for the Orb.
     0 | D:1      | Reached XP level 1. HP: 20/20 MP: 1/1
    63 | D:1      | Reached XP level 2. HP: 25/27 MP: 2/2
   460 | D:1      | Reached XP level 3. HP: 32/33 MP: 2/2
  1118 | D:2      | Found a hazy altar of Hepliaklqana.
  1161 | D:2      | Noticed Jessica
  1167 | D:2      | Killed Jessica
  1167 | D:2      | Reached XP level 4. HP: 37/42 MP: 3/3
  1441 | D:2      | Reached skill level 1 in Dodging
  1442 | D:2      | Noticed Robin
  1455 | D:2      | Killed Robin
  1512 | D:2      | Found a stormy altar of Qazlal.
  1564 | D:2      | Reached XP level 5. HP: 49/49 MP: 3/3
  1586 | D:2      | Found an ancient bone altar of Kikubaaqudgha.
  2256 | D:3      | Noticed Ijyb
  2278 | D:3      | Killed Ijyb
  2530 | D:4      | Reached skill level 1 in Throwing
  2611 | D:4      | Found a runed gate.
  2615 | D:4      | Noticed Loudmushroom's ghost (novice MiBe)
  2618 | D:4      | Found a runed gate.
  2618 | D:4      | Found a runed gate.
  2911 | D:4      | Got a flickering bronze amulet
  3059 | D:4      | Killed Loudmushroom's ghost
  3059 | D:4      | Reached skill level 5 in Axes
  3059 | D:4      | Reached XP level 6. HP: 36/57 MP: 4/4
  3059 | D:4      | Reached XP level 7. HP: 40/63 MP: 5/5
  3088 | D:5      | Entered Level 5 of the Dungeon
  3222 | D:5      | Reached skill level 5 in Armour
  3222 | D:5      | Reached skill level 2 in Dodging
  3228 | D:5      | Reached skill level 5 in Shields
  3440 | D:5      | Reached XP level 8. HP: 63/72 MP: 5/5
  3694 | D:6      | Found a staircase to the Ecumenical Temple.
  3719 | Temple   | Entered the Ecumenical Temple
  3880 | Temple   | Became a worshipper of Makhleb the Destroyer
  4577 | D:6      | Reached skill level 3 in Dodging
  4858 | D:7      | Identified the amulet of Veed {Inacc +Inv} (You found it on level 4 of the Dungeon)
  4936 | D:7      | Noticed an orc sorcerer
  4945 | D:7      | Noticed a wizard
  4946 | D:7      | Noticed a red devil
  4950 | D:7      | Noticed a red devil
  4955 | D:7      | Paralysed by an orc sorcerer for 6 turns
  4963 | D:7      | Paralysed by a wizard for 3 turns
  4966 | D:7      | Killed an orc sorcerer
  4966 | D:7      | Gained mutation: You passively map the area around you. [Deep Dwarf growth]
  4966 | D:7      | Reached XP level 9. HP: 19/79 MP: 5/5
  4971 | D:7      | Paralysed by a wizard for 2 turns
  4979 | D:7      | Killed a wizard
  4979 | D:7      | Reached skill level 5 in Fighting
  5006 | D:7      | Got a scorched broad axe
  5043 | D:7      | Identified the +4 broad axe of Ciosuodo {elec, rC+ MR+} (You found it on level 7 of the Dungeon)
  5063 | D:7      | Reached * piety under Makhleb
  5120 | D:7      | Reached skill level 4 in Dodging
  5197 | D:7      | Found a sparkling altar of Nemelex Xobeh.
  5348 | D:7      | Found a shadowy altar of Dithmenos.
  5551 | D:7      | Found a shimmering altar of Xom.
  5752 | D:8      | Reached XP level 10. HP: 48/88 MP: 6/6
  5825 | D:8      | Reached skill level 10 in Axes
  5914 | D:8      | Found a shattered altar of Ashenzari.
  6022 | D:8      | Found a burning altar of Makhleb.
  6026 | D:8      | Reached ** piety under Makhleb
  6126 | D:8      | Found a staircase to the Lair.
  6126 | D:8      | Noticed an elephant
  6138 | D:8      | Killed an elephant
  6474 | D:9      | Noticed vierth's ghost (novice HOFi)
  6474 | D:9      | Noticed a two-headed ogre
  6475 | D:9      | Found a transporter.
  6476 | D:9      | Noticed a two-headed ogre
  6479 | D:9      | Found a transporter.
  6501 | D:9      | Killed a two-headed ogre
  6502 | D:9      | Killed vierth's ghost
  6504 | D:9      | Killed a two-headed ogre
  6504 | D:9      | Reached XP level 11. HP: 40/99 MP: 5/5
  6853 | D:9      | Noticed a two-headed ogre
  6861 | D:9      | Killed a two-headed ogre
  6861 | D:9      | Reached *** piety under Makhleb
  6906 | D:9      | Upgraded the game from 0.23-a0-29-g1be82e5 to 0.23-a0-32-g1388f29
  7208 | D:10     | Entered Level 10 of the Dungeon
  7267 | D:10     | Gained mutation: You have a pair of small horns on your head. [potion of mutation]
  7267 | D:10     | Gained mutation: You are surrounded by a mild repulsion field. (EV +2) [potion of mutation]
  7268 | D:10     | Lost mutation: You have a pair of small horns on your head. [potion of mutation]
  7268 | D:10     | Gained mutation: You possess an exceptional clarity of mind. [potion of mutation]
  7268 | D:10     | Gained mutation: Your body sometimes deteriorates upon taking damage. [potion of mutation]
  7268 | D:10     | Lost mutation: You possess an exceptional clarity of mind. [potion of mutation]
  7268 | D:10     | Gained mutation: You are resistant to hostile enchantments. (MR+) [potion of mutation]
  7269 | D:10     | Lost mutation: You are resistant to hostile enchantments. (MR+) [potion of mutation]
  7269 | D:10     | Gained mutation: You are covered in fur. (AC +1) [potion of mutation]
  7269 | D:10     | Gained mutation: You have an increased reservoir of magic. (+10% MP) [potion of mutation]
  7269 | D:10     | Gained mutation: You are partially covered in yellow scales. (AC +2) [potion of mutation]
  7474 | D:10     | Found a roughly hewn altar of Beogh.
  7474 | D:10     | Found a staircase to the Orcish Mines.
  7477 | D:10     | Reached **** piety under Makhleb
  7904 | D:10     | Reached ***** piety under Makhleb
  8159 | D:11     | Noticed Psyche
  8165 | D:11     | Killed Psyche
  8252 | D:11     | Reached XP level 12. HP: 111/111 MP: 0/7
  8719 | Orc:1    | Entered Level 1 of the Orcish Mines
  8789 | Orc:1    | Noticed Harold
  8800 | Orc:1    | Killed Harold
  9175 | Orc:2    | Entered Level 2 of the Orcish Mines
  9192 | Orc:2    | Noticed Saint Roka
  9217 | Orc:2    | Killed Saint Roka
  9217 | Orc:2    | Reached skill level 15 in Axes
  9217 | Orc:2    | Reached skill level 1 in Invocations
  9248 | Orc:2    | Found Radoun's Jewellery Shoppe.
  9425 | Orc:2    | Bought the ring "Vippuqics" {rF++ rN+ MR+ Slay+2 SInv} for 861 gold pieces
  9493 | Orc:2    | Noticed a two-headed ogre
  9502 | Orc:2    | Killed a two-headed ogre
  9701 | Orc:2    | Found a staircase to the Elven Halls.
  9941 | Orc:2    | Found Poyvvuyz's Antique Weapon Emporium.
  9975 | Orc:2    | Noticed an ogre mage
  9977 | Orc:2    | Found Nimocwa's Magic Scroll Shoppe.
  9983 | Orc:2    | Killed an ogre mage
 10007 | Orc:2    | Found an ancient bone altar of Kikubaaqudgha.
 10018 | Orc:2    | Reached ****** piety under Makhleb
 10037 | Orc:2    | Noticed an ogre mage
 10042 | Orc:2    | Killed an ogre mage
 10042 | Orc:2    | Reached XP level 13. HP: 121/121 MP: 0/6
 10081 | Orc:2    | Found a radiant altar of Vehumet.
 10127 | Orc:2    | Found a roughly hewn altar of Beogh.
 10127 | Orc:2    | Found Kojevah's Gadget Emporium.
 10171 | Orc:2    | Found Makhlecs's Distillery.
 10364 | Lair:1   | Entered Level 1 of the Lair of Beasts
 11626 | Lair:2   | Reached skill level 10 in Fighting
 11626 | Lair:2   | Reached skill level 10 in Shields
 12154 | Lair:3   | Found a staircase to the Swamp.
 12234 | Lair:3   | Found a hole to the Spider Nest.
 12500 | Lair:4   | Found a transporter.
 12504 | Lair:4   | Found a frozen archway.
 12529 | IceCv    | Entered an ice cave
 12639 | IceCv    | Reached skill level 5 in Dodging
 12646 | IceCv    | Gained mutation: You resist negative energy. (rN+) [Deep Dwarf growth]
 12646 | IceCv    | Reached XP level 14. HP: 133/133 MP: 0/7
 12682 | IceCv    | Reached skill level 10 in Armour
 12911 | IceCv    | Noticed a frost giant
 12930 | IceCv    | Killed a frost giant
 12951 | IceCv    | Got a sparkling glass ring
 13416 | Lair:4   | Found a transporter.
 13448 | Lair:4   | Got a scorched hat
 13465 | Lair:4   | Identified the +3 hat of Tosailodgh {rF- Regen+ Str+5} (You found it on level 4 of the Lair of Beasts)
 14261 | Lair:5   | Found a staircase to the Slime Pits.
 14353 | Lair:5   | Found a dark tunnel.
 14423 | Volcano  | Entered a volcano
 15277 | Lair:6   | Entered Level 6 of the Lair of Beasts
 15586 | Lair:6   | Reached XP level 15. HP: 146/146 MP: 0/7
 15604 | Lair:6   | Noticed Urug
 15616 | Lair:6   | Killed Urug
 16011 | Lair:6   | Found a large runed door.
 16011 | Lair:6   | Found a large runed door.
 16100 | Lair:6   | Identified a scroll of acquirement
 16115 | Lair:6   | Identified the ring of the Final Chapter {*Drain MR+ Int+8 Dex+4 Slay+2} (You found it in an ice cave)
 16911 | D:12     | Lost mutation: You are covered in fur. (AC +1) [potion of mutation]
 16911 | D:12     | Lost mutation: Your body sometimes deteriorates upon taking damage. [potion of mutation]
 16911 | D:12     | Lost mutation: You have an increased reservoir of magic. (+10% MP) [potion of mutation]
 16911 | D:12     | Gained mutation: You are somewhat resistant to further mutation. [potion of mutation]
 17375 | D:12     | Noticed Nessos
 17389 | D:12     | Killed Nessos
 17962 | D:13     | Found a gate to the Vaults.
 18089 | D:13     | Reached skill level 6 in Dodging
 18527 | D:14     | Reached skill level 7 in Dodging
 18950 | D:14     | Found Zuesuesoy's Assorted Antiques.
 18969 | D:15     | Entered Level 15 of the Dungeon
 18975 | D:15     | Noticed Agnes
 18984 | D:15     | Killed Agnes
 19032 | D:15     | Reached skill level 8 in Dodging
 19042 | D:15     | Noticed Rupert
 19059 | D:15     | Killed Rupert
 19230 | D:15     | Reached skill level 9 in Dodging
 19230 | D:15     | Reached XP level 16. HP: 158/158 MP: 7/7
 19294 | D:15     | Found a basalt altar of Yredelemnul.
 19441 | D:15     | Found a staircase to the Depths.
 19613 | D:15     | Got a steaming hat
 19641 | D:15     | Identified the +0 hat of the Inquisitive Moons {-Tele rPois Str+2 Dex+2} (You acquired it on level 15 of the Dungeon)
 19854 | Swamp:1  | Entered Level 1 of the Swamp
 19895 | Swamp:1  | Reached skill level 10 in Dodging
 20237 | Swamp:1  | Noticed Josephine
 20243 | Swamp:1  | Noticed Louise
 20251 | Swamp:1  | Killed Josephine
 20281 | Swamp:1  | Killed Louise
 20831 | Swamp:2  | Noticed a thorn hunter
 20843 | Swamp:2  | Killed a thorn hunter
 20849 | Swamp:2  | Reached skill level 11 in Dodging
 21698 | Swamp:3  | Reached skill level 12 in Dodging
 21760 | Swamp:3  | Noticed a thorn hunter
 21774 | Swamp:3  | Killed a thorn hunter
 22070 | Swamp:3  | Reached XP level 17. HP: 126/166 MP: 8/8
 22627 | Swamp:4  | Entered Level 4 of the Swamp
 22699 | Swamp:4  | Reached skill level 13 in Dodging
 22722 | Swamp:4  | Reached skill level 15 in Armour
 22926 | Swamp:4  | Noticed the 27-headed Lernaean hydra
 22944 | Swamp:4  | Killed the 26-headed Lernaean hydra
 22959 | Swamp:4  | Got a decaying rune of Zot
 22979 | Swamp:4  | Reached skill level 14 in Dodging
 23529 | Vaults:1 | Entered Level 1 of the Vaults
 23788 | Vaults:1 | Reached skill level 15 in Dodging
 23913 | Vaults:1 | Gained mutation: You passively map a large area around you. [Deep Dwarf growth]
 23913 | Vaults:1 | Reached XP level 18. HP: 175/175 MP: 7/7
 25035 | Vaults:1 | Found a deep blue altar of Sif Muna.
 25219 | Vaults:1 | Lost mutation: You are somewhat resistant to further mutation. [potion of mutation]
 25219 | Vaults:1 | Lost mutation: You are partially covered in yellow scales. (AC +2) [potion of mutation]
 25219 | Vaults:1 | Gained mutation: You tend to lose your temper in combat. [potion of mutation]
 25219 | Vaults:1 | Gained mutation: You have a pair of small horns on your head. [potion of mutation]
 25220 | Vaults:1 | Lost mutation: You have a pair of small horns on your head. [potion of mutation]
 25220 | Vaults:1 | Lost mutation: You tend to lose your temper in combat. [potion of mutation]
 25220 | Vaults:1 | Lost mutation: You are surrounded by a mild repulsion field. (EV +2) [potion of mutation]
 25220 | Vaults:1 | Gained mutation: Armour fits poorly on your strangely shaped body. [potion of mutation]
 25220 | Vaults:1 | Gained mutation: You are partially covered in yellow scales. (AC +2) [potion of mutation]
 25220 | Vaults:1 | Gained mutation: You are somewhat resistant to further mutation. [potion of mutation]
 25308 | Vaults:2 | Lost mutation: You are somewhat resistant to further mutation. [potion of mutation]
 25308 | Vaults:2 | Lost mutation: Armour fits poorly on your strangely shaped body. [potion of mutation]
 25308 | Vaults:2 | Lost mutation: You are partially covered in yellow scales. (AC +2) [potion of mutation]
 25308 | Vaults:2 | Gained mutation: You have a pair of small horns on your head. [potion of mutation]
 25308 | Vaults:2 | Gained mutation: Your muscles are strong. (Str +2) [potion of mutation]
 25308 | Vaults:2 | Gained mutation: You are robust. (+10% HP) [potion of mutation]
 25366 | Vaults:2 | Reached skill level 16 in Dodging
 25449 | Vaults:2 | Noticed Sojobo
 25477 | Vaults:2 | Killed Sojobo
 25819 | Vaults:2 | Found Uxziat's Food Shop.
 26152 | Vaults:2 | Reached skill level 15 in Shields
 26459 | Vaults:2 | Reached skill level 17 in Dodging
 26472 | Vaults:2 | Got a pair of ancient boots
 26486 | Vaults:2 | Identified the +2 pair of boots of the Swan {rN++ Str+3 Dex+4} (You found it on level 2 of the Vaults)
 26901 | Vaults:3 | Noticed Xtahua
 26913 | Vaults:3 | Killed Xtahua
 26913 | Vaults:3 | Reached XP level 19. HP: 200/200 MP: 8/8
 26914 | Vaults:3 | Noticed Nikola
 26933 | Vaults:3 | Killed Nikola
 27589 | Vaults:3 | Reached skill level 18 in Dodging
 27760 | Vaults:3 | Found Inurony's Book Shop.
 27788 | Vaults:3 | Found a staircase to the Crypt.
 27788 | Vaults:3 | Noticed Boris
 27812 | Vaults:3 | Killed Boris
 28679 | Vaults:4 | Reached skill level 19 in Dodging
 28912 | Vaults:4 | Reached XP level 20. HP: 209/209 MP: 9/9
 29746 | Spider:1 | Entered Level 1 of the Spider Nest
 30544 | Spider:2 | Noticed Arachne
 30562 | Spider:2 | Killed Arachne
 30744 | Spider:2 | Got a wavering bronze ring
 30750 | Spider:2 | Identified the ring of Sunlight {+Fly rElec} (You found it on level 2 of the Spider Nest)
 30864 | Spider:2 | Found a runed door.
 30864 | Spider:2 | Noticed Qosemoup's ghost (adept GrEE)
 30885 | Spider:2 | Killed Qosemoup's ghost
 30991 | Spider:2 | Got a brightly glowing leather armour
 31002 | Spider:2 | Identified the +1 leather armour of the Big Bang {MR+} (You found it on level 2 of the Spider Nest)
 31131 | Spider:3 | Reached skill level 20 in Dodging
 31346 | Spider:3 | Identified the +3 long sword of Recklessness {flame, rC++ Str+3 Stlth+} (You found it on level 3 of the Spider Nest)
 31588 | Spider:4 | Entered Level 4 of the Spider Nest
 32241 | Spider:4 | Got a gossamer rune of Zot
 32833 | Depths:1 | Entered Level 1 of the Depths
 32847 | Depths:1 | Reached XP level 21. HP: 217/217 MP: 10/10
 32891 | Depths:1 | Reached skill level 21 in Dodging
 33484 | Depths:1 | Found a gateway to Hell.
 33554 | Depths:1 | Found a runed door.
 33642 | Depths:1 | Identified Suxyskoo's Last Volume of the Blind Seer
 34228 | Depths:2 | Reached skill level 15 in Fighting
 34256 | Depths:2 | Identified the Grimoire of Evil
 34350 | Depths:2 | Reached XP level 22. HP: 221/231 MP: 11/11
 34625 | Depths:2 | Noticed the Enchantress
 34630 | Depths:2 | Cast into level 2 of the Abyss (the Enchantress)
 35033 | Abyss:2  | Found an ancient bone altar of Kikubaaqudgha.
 35041 | Abyss:2  | Paralysed by accursed screaming for 1 turns
 35468 | Abyss:2  | Paralysed by you for 3 turns
 35617 | Abyss:2  | Found a bloodstained altar of Trog.
 35632 | Abyss:2  | Reached skill level 22 in Dodging
 35670 | Abyss:2  | Paralysed by accursed screaming for 2 turns
 35679 | Abyss:2  | Paralysed by accursed screaming for 1 turns
 35714 | Abyss:2  | Identified the +1 helmet of the Tuna {MR+ Int+3 Slay+3 Stlth+} (You found it on level 2 of the Abyss)
 36384 | Abyss:4  | Reached XP level 23. HP: 245/245 MP: 7/7
 36415 | Abyss:4  | Got an abyssal rune of Zot
 36443 | Abyss:4  | Gained mutation: Scrolls take you a little longer to read. [a shining eye]
 36444 | Abyss:4  | Gained mutation: You occasionally shout uncontrollably at your foes. [a shining eye]
 36729 | Abyss:4  | Found a corrupted altar of Lugonu.
 36932 | Abyss:5  | Entered Level 5 of the Abyss
 36959 | Abyss:5  | Identified the Reference Book on the Glacier and Enchantment
 37028 | Depths:2 | Escaped the Abyss
 37054 | Depths:2 | Killed the Enchantress
 37492 | Depths:3 | Found a transporter.
 37599 | Depths:3 | Got a warped turquoise ring
 37608 | Depths:3 | Identified the ring of Curiosity {*Corrode rN+ Int+6 SInv} (You found it on level 3 of the Depths)
 37616 | Depths:3 | Found a transporter.
 37745 | Depths:3 | Noticed Jogeseca's ghost (adept VSMo)
 37750 | Depths:3 | Found a runed gate.
 37750 | Depths:3 | Found a runed gate.
 37752 | Depths:3 | Found a runed gate.
 37804 | Depths:3 | Killed Jogeseca's ghost
 37830 | Depths:3 | Got a translucent turquoise ring
 37835 | Depths:3 | Identified the ring of Pueg {Str+7 Int+4 SInv} (You took it off a frost giant on level 3 of the Depths)
 37959 | Depths:3 | Reached XP level 24. HP: 259/259 MP: 12/12
 38219 | Depths:3 | Found a one-way gate leading to the halls of Pandemonium.
 38364 | Depths:3 | Found Annes's Gadget Shop.
 38364 | Depths:3 | Found Giyn's Jewellery Emporium.
 38365 | Depths:3 | Found Itim Moe's Jewellery Emporium.
 38556 | Depths:4 | Reached skill level 23 in Dodging
 38630 | Depths:4 | Noticed a juggernaut
 38702 | Depths:4 | Found a one-way gate to the infinite horrors of the Abyss.
 39306 | Depths:5 | Entered Level 5 of the Depths
 39455 | Depths:5 | Noticed a juggernaut
 39464 | Depths:5 | Killed a juggernaut
 39510 | Depths:5 | Found Ywaanted's Jewellery Emporium.
 39514 | Depths:5 | Found Ucomoaj's Food Boutique.
 39631 | Depths:5 | Found a gateway to a ziggurat.
 39882 | Depths:5 | Found a gate to the Realm of Zot.
 40101 | Depths:5 | Found a glowing golden altar of the Shining One.
 40859 | Vaults:5 | Entered Level 5 of the Vaults
 40859 | Vaults:5 | Noticed Boris
 40868 | Vaults:5 | Gained mutation: You are clumsy. (Dex -2) [a cacodemon]
 40875 | Vaults:5 | Killed Boris
 41034 | Vaults:5 | Reached XP level 25. HP: 273/273 MP: 12/12
 41210 | Vaults:5 | Identified the +2 ring mail of the Gravedigger {Str+4} (You found it on level 5 of the Vaults)
 41672 | Vaults:5 | Noticed an ancient lich
 41686 | Vaults:5 | Killed an ancient lich
 41745 | Vaults:5 | Identified the cursed +0 hat of the Trees {*Slow rF++ rC+ Int+2} (You found it on level 5 of the Vaults)
 41816 | Vaults:5 | Identified the Grimoire of the Mutagenic Birds
 41848 | Vaults:5 | Identified the ring of Aruynesch {Wiz Dex+6} (You found it on level 5 of the Vaults)
 41999 | Vaults:5 | Got a silver rune of Zot
 42199 | Vaults:5 | Reached skill level 24 in Dodging
 42280 | Vaults:5 | Lost mutation: You have a pair of small horns on your head. [potion of mutation]
 42280 | Vaults:5 | Lost mutation: You occasionally shout uncontrollably at your foes. [potion of mutation]
 42280 | Vaults:5 | Lost mutation: You are clumsy. (Dex -2) [potion of mutation]
 42280 | Vaults:5 | Lost mutation: Scrolls take you a little longer to read. [potion of mutation]
 42280 | Vaults:5 | Gained mutation: You evolve. [potion of mutation]
 42280 | Vaults:5 | Gained mutation: You have large cloven feet. [potion of mutation]
 42627 | Depths:2 | Identified the -4 pair of boots of Iluev {*Slow rF+ rN+} (You acquired it on level 2 of the Depths)
 42953 | Slime:1  | Entered Level 1 of the Pits of Slime
 43690 | Slime:2  | Gained mutation: Scrolls take you a little longer to read. [a shining eye]
 43701 | Slime:2  | Gained mutation: Armour fits poorly on your strangely shaped body. [a shining eye]
 44386 | Slime:4  | Reached XP level 26. HP: 175/290 MP: 11/11
 44573 | Slime:5  | Entered Level 5 of the Pits of Slime
 44613 | Slime:5  | Noticed the Royal Jelly
 44636 | Slime:5  | HP: 6/290 [acid[the Royal Jelly] (11)]
 44636 | Slime:5  | Splashed by an acid blob's acid

Vault maps used:
D:1:      scummos_arrival_hexagon, minmay_misc_feat_enclosed,
          minmay_shallow_snake_nest
D:2:      old_standard_altar, marbit_many_paths, old_standard_altar,
          uniq_jessica, uniq_robin
D:3:      first_ration, uniq_ijyb
D:4:      ebering_ghost_rock_garden
D:6:      minmay_temple_entry_butterflies, grunt_decor_one_mirror
D:7:      cheibrodos_wizards_tower, xom_confusion_cloud, old_standard_altar,
          nicolae_dithmenos_through_a_glass_darkly
D:8:      evilmike_ruin_ashenzari, david_lair_generic, basic_altar,
          blue_anna_alchemist, basic_loot_grate_trap
D:9:      gammafunk_ghost_smash
D:10:     david_orc_5
D:11:     uniq_psyche
D:12:     minivault_24, uniq_nessos
D:13:     david_vaults_4
D:14:     serial_shops, kennysheep_little_box, minivault_11, due_unseen_surprise
D:15:     gammafunk_enter_depths_forms, yredelemnul_altar_generic, uniq_rupert,
          uniq_agnes
Temple:   regret_index_temple_sphere_string
Lair:1:   hangedman_lair_generics_rect, grunt_megastairs_3
Lair:3:   swamp_mist, nicolae_spider_entry_tight_spaces,
          minmay_lair_oklob_chamber, serial_bayou_shore_b, grunt_megastairs_2
Lair:4:   gammafunk_cloud_chamber, portal_ice_cave_entry_imps,
          hangedman_lair_unloving_vines, st_stairs_10
Lair:5:   minmay_slime_entry_oklob_open, nicolae_volcano_entry_s_turn,
          grunt_megastairs_5, serial_bayou_shore_b
Lair:6:   cheibrodos_lair_end_hotspot, uniq_urug
Swamp:1:  evilmike_swamp_ruin_rubble_1, swamp_pool2, uniq_josephine, uniq_louise
Swamp:2:  hangedman_swamp_ruin_hall, infiniplex_staircase_pool_2
Swamp:3:  nicolae_swamp_phyte_club, nicolae_swamp_dense_foliage, swamp_pool5
Swamp:4:  grunt_swamp_rune_castle
Spider:1: spider_trap
Spider:2: nicolae_spider_mines_1, ebering_ghost_reflecting_pool,
          nicolae_spider_cling_ruins, uniq_arachne
Spider:3: nicolae_looking_at_the_future
Spider:4: spider_rune_water, special_room
Orc:1:    uniq_harold
Orc:2:    kennysheep_orc_mage_school, serial_shops, shop, uniq_saint_roka
Vaults:1: v_rooms_4, dpeg_vaults_monster_box, st_check,
          hangedman_vaults_stagger, v_alt_pattern_6, ontoclasm_vaults_twist,
          vaults_mumra_chevron_long, v_misc_32, nicolae_vaults_specimen_jars,
          grunt_vaults_diagonal, vaults_room_hallway, hangedman_vaults_maws,
          v_misc_19, basic_altar
Vaults:2: v_alt_pattern_1, nicolae_vaults_little_squares_6,
          nicolae_vaults_mini_display_case, nicolae_vaults_twisting_passages,
          vaults_dpeg_doors, v_rooms_6, ontoclasm_vaults_ligature, v_misc_30,
          ontoclasm_vaults_shuriken, vaults_dpeg_diagonal, vaults_room_hallway,
          vaults_mumra_minichess, grunt_vaults_twisty, serial_shops, shop,
          uniq_sojobo
Vaults:3: minmay_crypt_entry_simple_sparse, vaults_standard_mumra_x,
          hangedman_vaults_capsules, v_misc_1, nicolae_vaults_little_squares_2,
          st_cross, nicolae_vaults_network_barrier, v_misc_33,
          hangedman_vaults_trim, serial_shops, nicolae_shop_statue_plus,
          uniq_nikola, uniq_xtahua, uniq_boris
Vaults:4: vaults_room_corners, nicolae_vaults_display_case, grunt_vaults_swirl,
          vaults_room_door_ring, nicolae_vaults_network_square,
          hangedman_vaults_stitches, nicolae_vaults_shelves_hall, v_misc_28,
          ontoclasm_vaults_chip, vaults_dpeg_encased_lava,
          nicolae_vaults_little_squares_4
Vaults:5: serial_shops, uniq_boris
Depths:1: serial_bayou_shore_b, hell_entry, minmay_item_behind_shaft,
          spider_trap, kennysheep_cross_room, minmay_crystal_box
Depths:2: minmay_central_circle, hell_entry, minmay_misc_feat_tiny,
          uniq_enchantress
Depths:3: gammafunk_the_bubble, minmay_parallelograms, rand_demon_pan_entry_9,
          hell_entry, gammafunk_ghost_split, grunt_ministairs_10,
          minmay_shop_grove
Depths:4: minmay_expanding_circles, grunt_hell_entry_dis_mu, abyss_entry,
          hangedman_abyss_or_decor_passed, nrook_mini_backslash,
          hangedman_abyss_or_decor_stabs, infiniplex_staircase_split_hallway,
          serial_bayou_shore_a
Depths:5: grunt_zot_entry_gee_three, enter_ziggurat_f, serial_shops, shop, shop,
          hell_entry, grunt_decor_mini_mirrors, tso_altar,
          kennysheep_random_hallway
Abyss:2:  serial_sigils_hangedman_snap
Abyss:3:  evilmike_abyss_rune_elephants_shrine
Abyss:4:  evilmike_abyss_exit_4, grunt_abyss_rune_wretched_hive
Abyss:5:  evilmike_abyss_exit_11
IceCv:    ice_cave_caverns_01
Volcano:  volcano_pools

Skill      XL: |  1  2  3  4  5  6  7  8  9 10 11 12 13 14 15 16 17 18 19 20 21 22 23 24 25 |
---------------+----------------------------------------------------------------------------+-----
Fighting       | 3 4 5 6 8 9 10 12 13 14 15 16 18 19 20 | 20.7
Axes           | 3 5 6 8 9 12 14 16 18 | 18.0
Shields        | 4 5 6 7 8 9 10 11 12 14 15 16 17 18 19 20 21 | 21.6
Dodging        | 1 2 3 4 5 9 12 15 17 19 20 21 22 23 24 | 24.2
Armour         | 4 5 6 7 8 9 12 13 14 15 16 17 18 19 20 21 22 | 22.6
Throwing       | 1 2 |  2.7
Invocations    | 1 |  1.7
Evocations     | |  0.3

Action                   |  1- 3 |  4- 6 |  7- 9 | 10-12 | 13-15 | 16-18 | 19-21 | 22-24 | 25-27 || total
-------------------------+-------+-------+-------+-------+-------+-------+-------+-------+-------++-------
Melee: War axe           |    90 |   206 |   236 |       |       |       |       |       |       ||   532
       Broad axe         |       |       |    86 |   516 |  1098 |  1202 |  1293 |  1504 |   595 ||  6294
       Headbutt          |       |       |       |       |       |    79 |   457 |   570 |   109 ||  1215
Throw: Javelin           |     4 |    38 |    21 |     4 |     4 |       |       |       |       ||    71
Invok: Minor Destruction |       |       |       |     1 |       |     1 |       |       |       ||     2
       Greater Servant o |       |       |       |     1 |       |     3 |       |     1 |     1 ||     6
       Lesser Servant of |       |       |       |       |       |     4 |       |       |       ||     4
       Major Destruction |       |       |       |       |       |       |     1 |       |       ||     1
 Abil: Heal Wounds       |     1 |     2 |    16 |    21 |     3 |     5 |       |       |     8 ||    56
Evoke: Wand              |       |       |       |       |     4 |       |       |       |     1 ||     5
       Phantom mirror    |       |       |       |       |     1 |       |       |       |       ||     1
       Phial of floods   |       |       |       |       |       |       |     1 |       |       ||     1
  Use: Scroll            |       |       |    12 |     8 |    13 |     7 |     6 |     9 |    11 ||    66
       Potion            |       |       |       |     3 |     1 |     3 |       |       |     3 ||    10
 Stab: Sleeping          |       |       |       |       |     1 |       |       |       |       ||     1
       Distracted        |       |       |       |       |       |     2 |     1 |     1 |       ||     4
       Invisible         |       |       |       |       |       |       |       |     3 |       ||     3
  Eat: Ration            |     1 |       |       |     1 |     4 |     3 |     4 |     4 |     3 ||    20
       Chunk             |       |     3 |    10 |    11 |    18 |    17 |    12 |    11 |     4 ||    86
Armor: Scale mail        |    52 |    99 |   121 |    38 |       |       |       |       |       ||   310
       Chain mail        |       |       |       |   121 |       |       |       |       |       ||   121
       Plate armour      |       |       |       |    30 |   541 |   618 |   215 |   277 |    95 ||  1776
Dodge: Dodged            |    42 |    80 |   141 |   196 |   441 |   700 |   560 |   630 |   199 ||  2989
       Deflected         |       |       |       |       |    15 |    16 |    13 |       |       ||    44
Block: Shield            |    53 |   131 |   223 |   311 |   576 |   105 |       |       |       ||  1399
       Large shield      |       |       |       |       |       |  1203 |  1412 |  1594 |   605 ||  4814
       Reflection        |       |       |       |       |       |       |    26 |    81 |    28 ||   135

Table legend:
 A = Spawn XP
 B = Non-spawn XP
 C = Spawn XP percentage of total XP
 D = Spawn monster count
 E = Non-spawn monster count
 F = Spawn count percentage of total count
 G = Total turns spent on level
                    A         B        C        D         E        F      G
               +---------+---------+-------+---------+---------+-------+---------
         Total |  105592 | 1227930 |   7.9 |     154 |    2306 |   6.3 | 44636
               +---------+---------+-------+---------+---------+-------+---------
           D:1 |       0 |      56 |   0.0 |       0 |      27 |   0.0 |  1140
           D:2 |       0 |     169 |   0.0 |       0 |      40 |   0.0 |   727
           D:3 |       0 |      87 |   0.0 |       0 |      15 |   0.0 |   728
           D:4 |       0 |     496 |   0.0 |       0 |       4 |   0.0 |   609
           D:5 |       0 |     876 |   0.0 |       0 |      19 |   0.0 |   609
           D:6 |       0 |     979 |   0.0 |       0 |      21 |   0.0 |  1079
           D:7 |       0 |    2855 |   0.0 |       0 |      33 |   0.0 |   920
           D:8 |       0 |    2663 |   0.0 |       0 |      33 |   0.0 |   820
           D:9 |       0 |    5198 |   0.0 |       0 |      33 |   0.0 |   869
          D:10 |       0 |    5904 |   0.0 |       0 |      77 |   0.0 |  1219
          D:11 |       0 |    3615 |   0.0 |       0 |      33 |   0.0 |   580
          D:12 |       0 |    5782 |   0.0 |       0 |      24 |   0.0 |   698
          D:13 |       0 |    9189 |   0.0 |       0 |      28 |   0.0 |  1122
          D:14 |       0 |    8947 |   0.0 |       0 |      38 |   0.0 |   858
          D:15 |       0 |   27516 |   0.0 |       0 |      67 |   0.0 |   903
        Lair:1 |       0 |    4127 |   0.0 |       0 |      20 |   0.0 |   998
        Lair:2 |       0 |    8541 |   0.0 |       0 |      25 |   0.0 |   804
        Lair:3 |       0 |    5587 |   0.0 |       0 |      23 |   0.0 |   674
        Lair:4 |       0 |    5774 |   0.0 |       0 |      36 |   0.0 |   825
        Lair:5 |       0 |    9599 |   0.0 |       0 |      34 |   0.0 |  1000
        Lair:6 |       0 |   20003 |   0.0 |       0 |      58 |   0.0 |  1205
       Swamp:1 |       0 |   10732 |   0.0 |       0 |      29 |   0.0 |   980
       Swamp:2 |       0 |   13339 |   0.0 |       0 |      21 |   0.0 |   773
       Swamp:3 |       0 |   31931 |   0.0 |       0 |      72 |   0.0 |  1227
       Swamp:4 |       0 |   33405 |   0.0 |       0 |      74 |   0.0 |   676
      Spider:1 |       0 |   11468 |   0.0 |       0 |      33 |   0.0 |   814
      Spider:2 |       0 |   16620 |   0.0 |       0 |      34 |   0.0 |   611
      Spider:3 |       0 |   12396 |   0.0 |       0 |      44 |   0.0 |   493
      Spider:4 |       0 |   46023 |   0.0 |       0 |     101 |   0.0 |   950
       Slime:1 |       0 |   20629 |   0.0 |       0 |      27 |   0.0 |   496
       Slime:2 |       0 |   13023 |   0.0 |       0 |      34 |   0.0 |   561
       Slime:3 |       0 |   26002 |   0.0 |       0 |      49 |   0.0 |   367
       Slime:4 |       0 |    7690 |   0.0 |       0 |      21 |   0.0 |   196
       Slime:5 |       0 |   11574 |   0.0 |       0 |      11 |   0.0 |    63
         Orc:1 |       0 |    1982 |   0.0 |       0 |      12 |   0.0 |   472
         Orc:2 |       0 |   15437 |   0.0 |       0 |      75 |   0.0 |  1137
      Vaults:1 |       0 |   57903 |   0.0 |       0 |      85 |   0.0 |  1285
      Vaults:2 |       0 |   55202 |   0.0 |       0 |      74 |   0.0 |  1741
      Vaults:3 |       0 |   73475 |   0.0 |       0 |      94 |   0.0 |  1542
      Vaults:4 |       0 |   55308 |   0.0 |       0 |      88 |   0.0 |  1278
      Vaults:5 |       0 |  164333 |   0.0 |       0 |     141 |   0.0 |  1434
      Depths:1 |       0 |   48210 |   0.0 |       0 |      54 |   0.0 |  1182
      Depths:2 |       0 |  106028 |   0.0 |       0 |      90 |   0.0 |  1037
      Depths:3 |       0 |   82896 |   0.0 |       0 |      81 |   0.0 |  1159
      Depths:4 |       0 |   25438 |   0.0 |       0 |      23 |   0.0 |   885
      Depths:5 |       0 |   70958 |   0.0 |       0 |      57 |   0.0 |  1196
       Abyss:2 |   44877 |   30359 |  59.6 |      71 |      77 |  48.0 |  1377
       Abyss:3 |     354 |    2375 |  13.0 |       5 |       4 |  55.6 |   123
       Abyss:4 |   49799 |   27605 |  64.3 |      68 |      47 |  59.1 |   802
       Abyss:5 |   10562 |    6483 |  62.0 |      10 |       3 |  76.9 |    96
         IceCv |       0 |   14471 |   0.0 |       0 |      56 |   0.0 |   872
       Volcano |       0 |    6672 |   0.0 |       0 |       7 |   0.0 |   249
               +---------+---------+-------+---------+---------+-------+---------
